 Dungeon Crawl Stone Soup version 0.23.1 (webtiles) character file.

Game seed: 7256751919024280113

700 healer56heal the Chopper (level 7, -1/61 HPs)
             Began as a Hill Orc Fighter on Mar 12, 2019.
             Was an Initiate of Beogh.
             Slain by an orc
             ... wielding a +0 trident
              (4 damage)
             ... on level 4 of the Dungeon.
             The game lasted 00:14:21 (3528 turns).

healer56heal the Chopper (Hill Orc Fighter)         Turns: 3528, Time: 00:14:23

Health: -1/61      AC:  9    Str: 26      XL:     7   Next: 65%
Magic:  7/7        EV:  9    Int:  8      God:    Beogh [......]
Gold:   211        SH: 10    Dex:  8 (10) Spells: 6/6 levels left

rFire    . . .     SeeInvis .   a - +0 war axe
rCold    . . .     Gourm    .   c - +0 shield
rNeg     . . .     Faith    .   b - +1 scale mail
rPois    +         Spirit   .   (no helmet)
rElec    .         Reflect  .   (no cloak)
rCorr    .         Harm     .   (no gloves)
MR       .....                  (no boots)
Stlth    ..........             (no amulet)
HPRegen  0.20/turn              k - ring of poison resistance
MPRegen  0.10/turn              g - +1 ring of protection

@: mighty, hasted, very quick
A: no striking features
a: Renounce Religion


You were on level 4 of the Dungeon.
You worshipped Beogh.
Beogh was noncommittal.
You were hungry.

You visited 1 branch of the dungeon, and saw 4 of its levels.

You collected 211 gold pieces.

Inventory:

Hand Weapons
 a - a +0 war axe (weapon)
Armour
 b - a +1 scale mail (worn)
 c - a +0 shield (worn)
Jewellery
 g - a +1 ring of protection (right hand)
 k - a ring of poison resistance (left hand)
 l - an uncursed ring of positive energy
Scrolls
 e - 6 scrolls of immolation
 h - 3 scrolls of identify
 m - 4 scrolls of teleportation
 o - a scroll of remove curse
Potions
 d - a potion of might
Comestibles
 f - 2 rations
 n - 4 chunks of flesh


   Skills:
 + Level 5.2 Fighting
 + Level 6.4 Axes
 + Level 4.9 Armour
 + Level 2.0 Dodging
 + Level 5.5 Shields


You had 6 spell levels left.
You didn't know any spells.
Your spell library was empty.

Dungeon Overview and Level Annotations

Branches:
Dungeon (4/15)
 Temple: D:4-7

Altars:
Cheibriados
Makhleb
Ru
Xom


Message History

The orc priest is severely wounded.
The orc priest calls down the wrath of Beogh upon you.
Pain shoots through your body!
* * * LOW HITPOINT WARNING * * *
You block the orc's attack.
Your shield and scale mail prevent you from hitting the orc priest.
The orc priest is severely wounded.
The orc priest hits you.
* * * LOW HITPOINT WARNING * * *
You block the orc's attack.
The orc priest looks braver for a moment.
You feel yourself speed up. The orc hits you but does no damage.
The orc priest barely misses you.
You slash the orc priest!
You kill the orc priest!
Beogh accepts your kill.
Beogh appreciates your killing of a heretic priest.
The orc hits you from afar with a +0 trident.
You die...
Beogh appreciates the orc's killing of a heretic priest.

... #....... ...#...
....##.....## ## .......##
#......#### ##.....#....##
##......#### ...##.......#
###..###..... ##..........##.#..
##.###. #.................
#..##.. #.....o!.....## ##.....
#####.))##@..#...## #...##
##........[...##..[####..##
#.........#.##......#....#
####............##..........###
##.[.............#...........#.#
##..##..#..##.?...##.............
#..##..###..##.....#...........#.
#.###..# #..###........รท......##
#.# #.## ##.# #..........###..#


You could see an orc.

Vanquished Creatures
  Sigmund (D:2)
  A bullfrog (D:4)
  2 scorpions (D:4)
  A crimson imp (D:3)
  An orc priest (D:4)
  Jessica (D:2)
  Natasha (thrice) (D:2)
  2 orc wizards (D:4)
  A gnoll (D:1)
  9 adders
  2 worms
  2 dart slugs (D:1)
  3 orcs
  3 ball pythons
  5 bats
  2 giant cockroaches
  5 hobgoblins
  10 jackals
  9 kobolds
  A quokka (D:2)
  4 frilled lizards
  8 goblins
  6 rats
82 creatures vanquished.

Vanquished Creatures (others)
  A bat (D:3)
1 creature vanquished.

Grand Total: 83 creatures vanquished

Notes
Turn   | Place    | Note
-------+----------+-------------------------------------------
     0 | D:1      | healer56heal the Hill Orc Fighter began the quest for the
                  | Orb.
     0 | D:1      | Reached XP level 1. HP: 19/19 MP: 1/1
    54 | D:1      | Reached XP level 2. HP: 25/27 MP: 2/2
   344 | D:1      | Reached XP level 3. HP: 33/33 MP: 3/3
   531 | D:1      | Reached skill level 3 in Axes
  1078 | D:2      | Found a snail-covered altar of Cheibriados.
  1088 | D:2      | Reached XP level 4. HP: 27/40 MP: 4/4
  1272 | D:2      | Noticed Natasha
  1286 | D:2      | Killed Natasha
  1286 | D:2      | Reached skill level 4 in Axes
  1518 | D:2      | Found a sacrificial altar of Ru.
  1607 | D:2      | Noticed Natasha
  1611 | D:2      | Noticed Jessica
  1613 | D:2      | Killed Natasha
  1613 | D:2      | Reached XP level 5. HP: 36/46 MP: 5/5
  1631 | D:2      | Killed Jessica
  1631 | D:2      | Reached skill level 1 in Dodging
  2019 | D:2      | Noticed Natasha
  2027 | D:2      | Killed Natasha
  2049 | D:2      | Noticed Sigmund
  2056 | D:2      | Killed Sigmund
  2056 | D:2      | Reached skill level 5 in Axes
  2056 | D:2      | Reached skill level 5 in Shields
  2056 | D:2      | Reached XP level 6. HP: 41/53 MP: 6/6
  2274 | D:3      | Became a worshipper of Beogh the Brigand
  3001 | D:3      | Found a burning altar of Makhleb.
  3002 | D:3      | Found a shimmering altar of Xom.
  3014 | D:3      | Reached XP level 7. HP: 57/60 MP: 7/7
  3239 | D:4      | Reached skill level 5 in Fighting
  3381 | D:4      | Reached skill level 6 in Axes
  3526 | D:4      | HP: 2/61 [orc priest (4)]
  3528 | D:4      | Slain by an orc

Skill      XL: |  1  2  3  4  5  6  7 |
---------------+----------------------+-----
Fighting       | 4 5 |  5.2
Axes           | 3 4 5 6 |  6.4
Shields        | 4 5 |  5.5
Dodging        | 1 2 |  2.0
Armour         | 4 |  4.9

Action                   |  1- 3 |  4- 6 |  7- 9 || total
-------------------------+-------+-------+-------++-------
Melee: War axe           |   127 |   148 |    49 ||   324
Invok: Convert to Beogh  |       |     1 |       ||     1
  Use: Potion            |     2 |     3 |     2 ||     7
       Scroll            |     6 |       |     3 ||     9
  Eat: Chunk             |     1 |     3 |     1 ||     5
       Ration            |       |     1 |       ||     1
Armor: Scale mail        |    63 |    73 |    22 ||   158
Dodge: Dodged            |    47 |    41 |    18 ||   106
Block: Shield            |    69 |    77 |    51 ||   197
